 Dungeon Crawl Stone Soup version 0.13-a0-3076-g221303f (webtiles) character file.

121 Malachi the Firebug (level 4, 0/33 HPs)
             Began as a Lava Orc Fire Elementalist on Sept 17, 2013.
             Slain by a jackal (1 damage)
             ... on Level 2 of the Dungeon.
             The game lasted 00:05:28 (2552 turns).

Malachi the Firebug (Lava Orc Fire Elementalist)    Turns: 2552, Time: 00:05:28

HP   0/33        AC  3     Str 10      XL: 4   Next:  8%
MP   1/7         EV 12     Int 16      God:
Gold 48          SH  0     Dex 11      Spells:  2 memorised,  1 level left

Res.Fire  : + + +   See Invis. : .   (no weapon)
Res.Cold  : x . .   Warding    : .   a - +0 orc robe
Life Prot.: . . .   Conserve   : .   (no shield)
Res.Poison: .       Res.Corr.  : .   (no helmet)
Res.Elec. : .       Clarity    : .   (no cloak)
Sust.Abil.: . .     Spirit.Shd : .   j - +0 pair of gloves
Res.Mut.  : .       Stasis     : .   (no boots)
Res.Rott. : .       Flight     : .   (no amulet)
Saprovore : + . .                    (no ring)
                                     (no ring)

@: quick, slightly resistant to hostile enchantments, unstealthy
A: conserve scrolls, saprovore 1
a: no special abilities


You were on level 2 of the Dungeon.
You were not hungry.

You visited 1 branch of the dungeon, and saw 2 of its levels.

You collected 28 gold pieces.

Inventory:

Armour
 a - a +0 orcish robe (worn)
 j - a +0 pair of gloves (worn)
Comestibles
 c - a meat ration
 f - a pear
Scrolls
 d - 2 scrolls of recharging {unknown}
 e - a scroll of teleportation {unknown}
 g - a scroll of noise {unknown}
 k - a scroll of curse armour {unknown}
 l - a scroll of identify {unknown}
 m - a scroll of enchant weapon I {unknown}
 n - a scroll of enchant weapon II {unknown}
Potions
 h - a potion of resistance {unknown}
 i - a potion of invisibility {unknown}
Books
 b - a book of Flames

   Spells                             Type                      Level
   *Flame Tongue                      Conjuration/Fire             1
   Throw Flame                        Conjuration/Fire             2
   *Conjure Flame                     Conjuration/Fire             3
   Inner Flame                        Hexes/Fire                   3
   Sticky Flame                       Conjuration/Fire             4
   Fireball                           Conjuration/Fire             5


   Skills:
 + Level 0.2 Fighting
 + Level 2.3 Dodging
 + Level 1.6 Stealth
 + Level 0.9 Unarmed Combat
 + Level 1.4 Spellcasting
 + Level 1.2 Conjurations
 * Level 4.5 Fire Magic


You had one spell level left.
You knew the following spells:

 Your Spells              Type           Power        Failure   Level  Hunger
a - Flame Tongue          Conj/Fire      ###..        10%         1    ##.....
b - Conjure Flame         Conj/Fire      ###.....     21%         3    ####...


Dungeon Overview and Level Annotations

Branches:
Dungeon (2/27)

Altars:


Innate Abilities, Weirdness & Mutations

You have stony skin.
You cover ground quickly.
Your flesh is almost immune to the effects of heat.
Your fire spells are more powerful.
Your flesh is vulnerable to cold.
Your heat harms attackers.
You bathe your surroundings in blazing heat.
You are too hot to use scrolls.
You are very good at protecting items from fire.
You can tolerate rotten meat.


Message History

The jackal appears unharmed.
The jackal barely misses you. The jackal barely misses you.
The jackal bites you.
* * * LOW HITPOINT WARNING * * *
The jackal appears unharmed.
You hit the jackal but do no damage.
You're getting fired up.
The jackal bites you but does no damage.
The jackal is singed by your heat.
The jackal is moderately wounded.
The jackal bites you but does no damage.
The jackal is singed by your heat.
The jackal is moderately wounded.
The jackal bites you.
* * * LOW HITPOINT WARNING * * *
The jackal is singed by your heat.
The jackal is moderately wounded.
The jackal bites you.
* * * LOW HITPOINT WARNING * * *
The jackal appears unharmed.
The worm closely misses you. The jackal bites you.
You die...

#..............##..........
..###...##.......##..........
...........%.....##.......##
.................###......$.
............................
.....#.....................
.....#........##..........
..............##wh.......
..............##@h.......
..............##hh.).....
..#...#....#####.........
..#...#.........#####....
........##...... ...
........##......
........#.......
................
................ . .


You could see a worm and 4 jackals.

Vanquished Creatures
  2 adders
  An inept feature mimic (D:2)
  A giant gecko (D:1)
  An ooze (D:1)
  2 ball pythons (D:1)
  7 bats
  A giant cockroach (D:1)
  2 goblins (D:1)
  4 hobgoblins
  8 jackals (D:1)
  5 kobolds
  2 giant newts
  A quokka (D:2)
  A rat (D:1)
38 creatures vanquished.

Notes
Turn   | Place    | Note
--------------------------------------------------------------
     0 | D:1      | Malachi, the Lava Orc Fire Elementalist, began the quest for the Orb.
     0 | D:1      | Reached XP level 1. HP: 14/14 MP: 3/3
   153 | D:1      | Reached skill level 4 in Fire Magic
   191 | D:1      | Reached XP level 2. HP: 17/20 MP: 0/4
   310 | D:1      | HP: 1/20 [kobold (2)]
  1274 | D:1      | Reached XP level 3. HP: 20/26 MP: 0/6
  2046 | D:1      | Learned a level 3 spell: Conjure Flame
  2486 | D:2      | Reached XP level 4. HP: 31/33 MP: 1/7
  2552 | D:2      | HP: 1/33 [jackal (1)]
  2552 | D:2      | Slain by a jackal

Action                   |  1- 3 |  4- 6 || total
-------------------------+-------+-------++-------
Melee: Unarmed           |   100 |    12 ||   112
 Cast: Flame Tongue      |    59 |     6 ||    65
       Conjure Flame     |     1 |       ||     1
